[Event "Azerbaijan Women Championship 2022"]
[Site "Baku"]
[Date "2022.05.23"]
[Round "7.2"]
[White "Balajayeva, Khanim"]
[Black "Fataliyeva, Ulviyya"]
[Result "0-1"]
[ECO "B10"]
[WhiteElo "2376"]
[BlackElo "2348"]
[Annotator "TA"]
[PlyCount "76"]
[EventDate "2022.05.17"]
[EventType "tourn"]
[EventCountry "AZE"]
[SourceTitle "playchess.com"]
[Source "ChessBase"]
[SourceQuality "1"]
[TimeControl "40/5400+30:1800+30"]

1. e4 c6 2. c4 d5 3. exd5 cxd5 4. cxd5 Nf6 5. Nc3 Nxd5 6. Nf3 Nc6 7. Bb5 e6 8. O-O Bd6 9. d4 Nxc3 10. bxc3 O-O 11. Bd3 g6 {[%emt 0:02:08] B22: Sicilian: 2 c3.} (11... e5 $11 {keeps the balance.}) 12. Re1 $16 Qc7 13. Qe2 (13. h4 {looks sharper.} e5 14. Bh6 Rd8 15. Ng5) 13... Bd7 {[%emt 0:10:13] [#] White is slightly better.} 14. c4 $146 (14. h4 $16) ({Predecessor:} 14. Rb1 Rac8 15. Bd2 Rfe8 16. Qe4 b6 17. Qh4 Qd8 18. Ng5 h5 19. g4 Ne7 {1-0 (33) Lehner,O (2315)-Waller,H (2150) Graz 1994}) 14... Rfe8 15. Bb2 Bf8 16. Ng5 {[%emt 0:07:42] And now d5 would win.} Bg7 17. d5 {[%emt 0:10:57] [#] White is now going downhill.} (17. Qd2 $11 {and White is okay.}) 17... exd5 $1 $19 18. Qf3 Bg4 $1 {[%emt 0:02:21] Dancing on a razor blade.} 19. Qxg4 {[%emt 0:01:28] Black must now prevent Bxg7.} Bxb2 20. Rab1 Ne5 $36 {[%emt 0:15:28][%mdl 2048] Keeping White busy.} 21. Qf4 {[%emt 0:11:30] [#]} h6 $1 ({Inferior is} 21... dxc4 22. Bc2 $17) 22. Nf3 Nxf3+ ({Stronger than} 22... dxc4 23. Nxe5 Bxe5 24. Qxc4 $17) 23. Qxf3 dxc4 ({Worse is} 23... Rxe1+ 24. Rxe1 dxc4 25. Bxc4 $17) 24. Bc2 (24. Be4 {was worth a try.} c3 25. Bc2) 24... Rad8 25. g3 (25. Rxe8+ $142 Rxe8 26. h4) 25... Rxe1+ 26. Rxe1 b5 27. h4 h5 28. Re2 Bd4 29. g4 Qc5 30. Qg3 (30. gxh5 $142 Qxh5 31. Qxh5 gxh5 32. Rd2) 30... hxg4 31. Kf1 Bf6 32. Qf4 $2 (32. Qxg4 Kg7 33. h5 Qxh5 34. Qxh5 gxh5 35. Kg2) 32... Kg7 33. Qxg4 Qh5 34. Qxh5 gxh5 35. Kg2 Rd4 36. Be4 b4 {[%emt 0:00:58][%cal Od4e4] Strongly threatening ...Rxe4!} 37. Kf3 (37. Bc2) 37... b3 {[%emt 0:00:41] Threatens to win with ...b2.} 38. axb3 cxb3 {[%emt 0:00:03] Weighted Error Value: White=0.62/Black=0.20 (precise)} 0-1

[Event "Azerbaijan Women Championship 2022"]
[Site "Baku"]
[Date "2022.05.23"]
[Round "7.3"]
[White "Abdulla, Khayala"]
[Black "Beydullayeva, Govhar"]
[Result "0-1"]
[ECO "D30"]
[WhiteElo "2219"]
[BlackElo "2384"]
[Annotator "TA"]
[PlyCount "72"]
[EventDate "2022.05.17"]
[EventType "tourn"]
[EventCountry "AZE"]
[SourceTitle "playchess.com"]
[Source "ChessBase"]
[SourceQuality "1"]
[TimeControl "40/5400+30:1800+30"]

1. d4 Nf6 2. c4 e6 3. Nf3 d5 4. Bg5 c6 5. Nc3 h6 6. Bxf6 Qxf6 7. e3 Nd7 8. Qc2 g6 9. Bd3 {[%emt 0:02:02] D43: Semi-Slav: 5 Bg5 h6.} Bg7 10. e4 dxc4 11. Bxc4 {[%emt 0:00:28] The position is equal.} e5 {[%emt 0:04:51] [#]} 12. d5 $146 ({Predecessor:} 12. dxe5 Nxe5 13. Nxe5 Qxe5 14. O-O-O O-O 15. g3 Bg4 16. f4 Qc5 17. Be2 Bxe2 18. Nxe2 Qxc2+ 19. Kxc2 {½-½ (32) Lysiak,M (2126)-Kovalev,D (2487) Chess.com INT 2021}) 12... Nb6 13. Bd3 O-O 14. a4 a5 15. Qb3 Nd7 ({Better is} 15... cxd5 $15 16. exd5 Qd6) 16. O-O $11 Nc5 17. Qc2 Rd8 18. Nd2 Qg5 19. Rfe1 Nxd3 20. Qxd3 f5 ({Black should play} 20... Bf8 $11) 21. Nc4 cxd5 22. Nxd5 fxe4 {[%emt 0:01:10] [#]} 23. Qb3 Kh8 (23... Rxd5 $2 24. Nb6 Qd8 25. Qxd5+ Qxd5 26. Nxd5 $18) (23... Kh7 24. Qb5) 24. Ncb6 {[%emt 0:05:09][%mdl 1024] White has compensation. Pair of Knights!} Be6 {[%emt 0:02:19] Strongly threatening ...Ra6.} 25. Qb5 Rab8 26. Re3 (26. Qxa5 $11 Rd6 27. Ne3) 26... Rd6 $15 27. Nc7 (27. Ree1 $17) 27... Bf7 (27... Bg8 $19 {And now ...Qd8 would win.} 28. Ncd5 Rf8) 28. h3 $2 {[%emt 0:05:56] [#]} (28. Ncd5 $17 {only move.}) 28... Rbd8 $19 29. Qxa5 Qf6 30. Nba8 $2 (30. Nca8 Rd2 31. Rf1) 30... Rd2 31. Rf1 Bc4 32. Ne8 Qf7 33. Nxg7 Bxf1 34. f3 Ba6 (34... Qf4 $142 35. Qxd8+ Rxd8 36. Rxe4 Qc1 37. Ne6 Rd2 38. Kh2 Rxg2+ 39. Kh1 Rxb2 40. Rg4 Bg2+ 41. Kh2 Qh1+ 42. Kg3 Qxh3#) 35. Nh5 gxh5 36. Qxe5+ Qg7 {[%emt 0:00:08] Weighted Error Value: White=0.76/Black=0.40} 0-1

[Event "Azerbaijan Women Championship 2022"]
[Site "Baku"]
[Date "2022.05.23"]
[Round "7.4"]
[White "Hajiyeva, Laman"]
[Black "Mamedjarova, Turkan"]
[Result "1-0"]
[ECO "C54"]
[WhiteElo "1971"]
[BlackElo "2264"]
[Annotator "TA"]
[PlyCount "63"]
[EventDate "2022.05.17"]
[EventType "tourn"]
[EventCountry "AZE"]
[SourceTitle "playchess.com"]
[Source "ChessBase"]
[SourceQuality "1"]
[TimeControl "40/5400+30:1800+30"]

1. e4 e5 2. Nf3 Nc6 3. Bc4 Bc5 4. c3 Nf6 5. d4 exd4 6. e5 d5 7. Bb5 Ne4 8. cxd4 Bb4+ 9. Nbd2 O-O 10. O-O Bg4 {[%emt 0:03:09] White must now prevent ...Bxd2.} 11. Qa4 {[%emt 0:02:17] C54: Giuoco Piano: 4 c3 Nf6, main lines with 5 d4 and 5 d3.} Bxd2 12. Nxd2 Bd7 13. f3 {[%emt 0:08:20] White is slightly better.} Nxd2 14. Bxd2 {[%emt 0:00:10] [#]} f6 $146 ({Predecessor:} 14... a6 15. Bxc6 Bxc6 16. Qc2 Qh4 17. f4 Rfe8 18. Rf3 g6 19. Rh3 Qg4 20. Rg3 Qe2 {1-0 (30) Piroska,I (2115)-Pesztericz,L (2094) Hungary 2014}) 15. f4 a6 16. Bxc6 Bxc6 17. Qb3 {[%emt 0:05:05] White is more active.} fxe5 18. dxe5 {[%emt 0:02:50] Hoping for Bb4.} Qd7 19. h3 Kh8 (19... h5 $14) 20. Kh2 Bb5 21. Rf2 c5 22. g4 Rae8 23. Qg3 d4 24. f5 Qd5 25. Re1 Bc6 (25... Qxa2 26. b3 d3 27. e6 $16) 26. h4 Qxa2 27. h5 Qd5 {[%emt 0:02:56] [#]} (27... Qxb2 $2 28. h6 Qb6 29. hxg7+ Kxg7 30. Bh6+ $1 Kg8 31. e6 $18) (27... h6 28. b3 Bd5) 28. g5 $2 (28. h6 $1 $18) 28... c4 $2 {[%emt 0:06:19][%mdl 8192] Black cannot hold the game after this.} ({Black should play} 28... g6 $1 $14) 29. g6 $18 {[%emt 0:03:31] h6 is the strong threat.} Bd7 $2 (29... Kg8 30. f6 Rxf6 31. exf6 Qxh5+ 32. Qh3 Qxh3+ 33. Kxh3 gxf6 34. Rxe8+ Bxe8 35. Rxf6 hxg6) 30. f6 {[%emt 0:02:23] fxg7+ would kill now.} h6 {[%emt 0:03:37] [#]} 31. Bxh6 $1 Rxf6 {[%emt 0:00:04] [#]} 32. Bxg7+ $1 {[%emt 0:00:51][%mdl 512] Weighted Error Value: White=0.27 (precise) /Black=0.80} 1-0